Map: King's Cove LE

Players

SouLeer - Winner!

  • Race: Zerg Zerg
  • Spawn Location: 5:00

Lisandro

  • Race: Protoss Protoss
  • Spawn Location: 11:00

Event: 2019 WCS Summer

VOD

Have the link to the VOD?

Description

Time

  • Played on: July 12, 2019, 7:04 a.m.
  • Length: 12:17

All games in this series

Show
View Real Time Build Order
Export as new Build Order

SouLeer Zerg - Winner!

Build Orders: Hatch First 

Get SALT Encoding   

  12  0:01  Drone  
  13  0:12  Overlord  
  13  0:18  Drone  
  14  0:31  Drone x2  
  16  0:50  Hatchery  
  16  0:54  Drone  
  17  0:57  Drone  
  17  1:01  Drone  
  18  1:10  Extractor  
  17  1:17  Spawning Pool  
  16  1:20  Drone  
  16  1:23  Drone  
  18  1:29  Drone  
  20  1:40  Drone  
  20  1:50  Overlord  
  20  2:03  Queen x2  
  20  2:04  Zergling x2  
  20  2:05  Zergling x2  
  26  2:15  Metabolic Boost  
  26  2:17  Drone x2  
  28  2:23  Drone  
  28  2:25  Drone  
  30  2:33  Drone  
  30  2:36  Drone  
  32  2:46  Hatchery  
  32  2:50  Drone  
  32  2:54  Overlord  
  32  2:56  Drone  
  32  2:58  Drone  
  34  3:05  Queen  
  36  3:12  Drone x3  
  39  3:14  Drone  
  39  3:18  Overlord  
  40  3:21  Drone  
  41  3:27  Spore Crawler  
  41  3:30  Drone x2  
  41  3:34  Overlord  
  42  3:40  Drone, Queen  
  45  3:48  Overlord  
  45  3:56  Drone  
  45  3:58  Drone x3, Spore Crawler  
  45  4:01  Lair  
  48  4:03  Evolution Chamber  
  48  4:05  Drone x2  
  48  4:08  Drone, Extractor  
  49  4:10  Drone  
  49  4:15  Drone x2  
  52  4:20  Drone  
  52  4:22  Spore Crawler  
  51  4:28  Zergling x10  
  51  4:30  Extractor  
  54  4:34  Overlord  
  54  4:35  Zerg Melee Weapons Level 1  
  54  4:38  Queen  
  57  4:44  Zergling x6  
  60  4:46  Zergling x4  
  60  4:50  Overlord  
  60  4:52  Zergling x2  
  63  4:56  Overlord  
  63  5:01  Queen  
  63  5:06  Drone  
  67  5:07  Zergling x8  
  67  5:10  Zergling x2  
  67  5:11  Zergling x2  
  71  5:15  Overlord  
  71  5:16  Zergling x4  
  71  5:20  Zergling x6  
  76  5:23  Zergling x4  
  78  5:29  Zergling x6  
  76  5:43  Queen  
  76  5:44  Queen  
  76  5:46  Zergling x6, Nydus Network  
  79  5:50  Queen  
  79  5:52  Zergling x2  
  79  5:55  Overseer  
  82  5:57  Zergling x4  
  84  6:11  Zergling x14  
  83  6:15  Zergling x2  
  83  6:16  Zergling x8  
  88  6:20  Zergling x2  
  88  6:25  Zergling x2, Nydus Canal  
  84  6:29  Queen x2  
  84  6:31  Zergling x2  
  87  6:33  Zergling x4  
  87  6:36  Zergling x2  
  87  6:37  Zergling x2  
  87  6:39  Zergling x2  
  86  6:41  Nydus Canal  
  86  6:42  Zergling x2  
  86  6:44  Zergling x4  
  84  6:49  Zergling x2  
  84  6:53  Queen  
  85  6:59  Zergling x6  
  85  7:00  Zergling x2  
  85  7:01  Zergling x6  
  91  7:09  Zergling x2  
  91  7:10  Zergling x8  
  91  7:14  Queen  
  97  7:17  Nydus Canal  
  95  7:23  Zergling x8  
  95  7:27  Zergling x4  
  92  7:33  Zergling x6  
  85  7:40  Zergling x2  
  86  7:45  Zergling x2  
  86  7:46  Zergling x2, Nydus Canal  
  86  7:47  Zergling x4  
  86  7:48  Zergling x2  
  89  7:54  Zergling x6  
  89  7:56  Zergling x2  
  84  8:01  Zergling x4  
  85  8:06  Zergling x2  
  85  8:08  Queen x3  
  85  8:11  Zergling x4  
  90  8:15  Zergling x2  
  89  8:21  Zergling x4  
  89  8:25  Spine Crawler  
  89  8:26  Zergling x2, Spine Crawler x2  
  82  8:29  Nydus Canal  
  82  8:32  Zergling x4  
  82  8:33  Zerg Melee Weapons Level 2  
  81  8:35  Zergling x2  
  82  8:43  Baneling Nest  
  82  8:44  Zergling x14  
  88  8:51  Queen  
  88  8:54  Zergling x6  
  93  8:56  Nydus Canal  
  93  8:58  Zergling x2  
  93  9:02  Zergling x2  
  95  9:06  Zergling x2  
  95  9:09  Zergling x4  
  98  9:16  Overlord  
  98  9:21  Zergling x2  
  98  9:22  Overlord x2  
  89  9:31  Zergling x4  
  89  9:32  Zergling x14  
  89  9:36  Zergling x2  
  86  9:41  Zergling x6  
  88  9:49  Zergling x4  
  88  9:50  Zergling x2  
  89  9:55  Zergling x2  
  89  9:56  Zergling x6  
  82  10:02  Zergling x2  
  82  10:03  Zergling x2  
  82  10:04  Zergling x2  
  71  10:10  Queen x3  
  71  10:12  Zergling x8  
  71  10:13  Zergling x2  
  73  10:19  Zergling x2  
  69  10:24  Zergling x4  
  68  10:29  Hydralisk Den  
  68  10:34  Zergling x6  
  70  10:40  Overlord  
  70  10:46  Queen  
  72  10:53  Extractor  
  72  10:56  Zergling x4  
  72  10:57  Zergling x6  
  77  10:58  Baneling x8  
  77  10:59  Baneling x5  
  77  11:03  Hydralisk x3  
  79  11:06  Zergling x6  
  86  11:11  Zergling x2  
  86  11:12  Zergling x8  
  86  11:14  Zergling x2  
  86  11:17  Zergling x2  
  93  11:21  Baneling x4  
  93  11:24  Zergling x4  
  95  11:26  Zergling x2  
  95  11:28  Zergling x2  
  95  11:30  Zergling x2  
  98  11:33  Zergling x4  
  98  11:37  Zergling x4  
  102  11:40  Zergling x4  
  102  11:45  Zergling x4  
  102  11:46  Zergling x2  
  107  11:52  Zergling x6  
  105  11:54  Zergling x2  
Show
View Real Time Build Order
Export as new Build Order

Lisandro Protoss 

Build Orders: 1 Gate Expand, Oracle Opening, Phoenix Opening 

Get SALT Encoding   

  12  0:00  Probe  
  13  0:12  Probe  
  14  0:19  Pylon  
  14  0:24  Probe  
  15  0:33  Probe  
  15  0:39  Gateway  
  15  0:41  Probe  
  16  0:49  Assimilator  
  17  0:52  Probe  
  18  1:04  Probe  
  19  1:16  Probe  
  20  1:29  Nexus  
  20  1:38  Cybernetics Core  
  20  1:44  Assimilator  
  20  1:45  Probe  
  21  1:53  Probe  
  21  1:54  Pylon  
  22  2:01  Probe  
  22  2:05  Adept  
  23  2:12  Probe  
  26  2:21  Stargate  
  26  2:28  Probe  
  27  2:31  Warp Gate  
  27  2:35  Adept  
  29  2:39  Probe  
  29  2:41  Probe  
  31  2:47  Probe  
  32  2:53  Probe  
  32  2:57  Gateway  
  32  2:58  Probe  
  33  3:00  Phoenix  
  34  3:11  Probe  
  37  3:13  Probe  
  37  3:18  Pylon  
  38  3:21  Oracle  
  38  3:23  Probe  
  42  3:29  Probe  
  43  3:36  Probe  
  43  3:40  Twilight Council  
  44  3:42  Probe  
  44  3:46  Resonating Glaives  
  44  3:47  Gateway  
  45  3:51  Probe  
  45  3:54  Probe  
  47  4:00  Pylon  
  47  4:03  Pylon  
  47  4:04  Probe  
  47  4:06  Probe  
  47  4:07  Assimilator  
  49  4:10  Assimilator  
  49  4:16  Probe  
  50  4:18  Probe  
  50  4:20  Adept  
  50  4:21  Adept  
  55  4:28  Probe  
  55  4:30  Probe  
  57  4:40  Probe  
  57  4:41  Adept  
  57  4:42  Probe, Adept x2  
  57  4:44  Pylon  
  65  4:56  Nexus  
  65  4:57  Probe  
  66  5:05  Adept x2  
  70  5:11  Probe  
  70  5:13  Robotics Facility  
  71  5:16  Probe  
  71  5:18  Robotics Facility  
  71  5:20  Pylon  
  72  5:23  Pylon  
  72  5:25  Probe  
  72  5:26  Sentry x2  
  77  5:33  Sentry  
  77  5:40  Probe  
  73  5:47  Gateway  
  60  5:50  Gateway  
  60  5:51  Sentry  
  60  5:52  Sentry, Gateway  
  64  5:58  Gateway  
  64  6:02  Gateway  
  64  6:03  Immortal  
  64  6:09  Adept  
  63  6:16  Adept  
  66  6:24  Adept  
  66  6:30  Zealot  
  67  6:37  Zealot  
  64  6:43  Warp Prism  
  64  6:44  Adept x3  
  68  6:47  Adept  
  68  6:48  Probe  
  68  6:51  Adept  
  68  6:52  Probe x2  
  72  6:54  Sentry  
  72  6:59  Sentry  
  72  7:00  Sentry  
  80  7:01  Probe  
  80  7:04  Adept  
  80  7:07  Sentry  
  85  7:11  Probe  
  86  7:16  Sentry  
  86  7:17  Sentry  
  86  7:18  Pylon  
  86  7:19  Pylon  
  90  7:25  Adept x2  
  88  7:31  Adept  
  88  7:32  Sentry, Adept  
  90  7:38  Adept  
  90  7:42  Adept x2  
  95  7:49  Adept x2  
  99  7:53  Adept x2  
  99  7:58  Adept  
  95  8:02  Adept  
  90  8:16  Adept  
  90  8:17  Adept x3  
  93  8:29  Pylon  
  93  8:30  Pylon  
  93  8:37  Pylon  
  93  8:39  Pylon  
  93  8:40  Pylon  
  93  8:41  Pylon  
  93  8:48  Probe  
  93  8:52  Pylon  
  93  8:53  Pylon  
  93  8:55  Probe  
  95  9:07  Sentry x6  
  95  9:08  Stalker  
  95  9:09  Stalker  
  110  9:26  Adept x2  
  105  9:34  Adept x2  
  101  9:40  Adept x3  
  105  9:55  Adept  
  105  9:56  Adept x3  
  105  9:57  Adept  
  101  10:00  Sentry x2  
  101  10:05  Adept  
  77  10:16  Warp Prism  
  77  10:19  Adept  
  73  10:25  Sentry  
  69  10:35  Adept x3  
  73  10:45  Sentry, Zealot  
  77  10:52  Sentry  
  77  10:53  Adept  
  81  11:01  Adept x3  
  87  11:20  Sentry, Zealot x3  
  95  11:34  Sentry x2  
  95  11:36  Zealot x2  
  103  11:44  Adept  
  105  11:56  Stalker x2  
  105  11:59  Sentry  
Tags
 
Add a new tag
Caveats
  • Supply blocks, unpowered buildings, or Contaminate may cause inaccurate times.
  • Supply counts are checked every 10 seconds.